 Dungeon Crawl Stone Soup version 0.27.0-1-g7a089689b8 (webtiles) character file.

Game seed: 11834353917599090479

74 HaiZhung the Magician (level 4, -4/31 HPs)
             Began as a Djinni Hedge Wizard on Aug 16, 2021.
             Killed from afar by Natasha (9 damage)
             ... with a magic dart
             ... on level 1 of the Dungeon.
             The game lasted 00:09:36 (2781 turns).

HaiZhung the Magician (Djinni Hedge Wizard)         Turns: 2781, Time: 00:09:37

Health: -4/31      AC:  3    Str:  9    XL:     4   Next: 52%
Gold:   68         EV: 12    Int: 17    God:
                   SH:  0    Dex: 12

rFire    + + .     SeeInvis .   i - +1 dagger (venom)
rCold    x . .     Faith    .   (no shield)
rNeg     . . .     Spirit   .   b - +0 robe
rPois    ∞         Reflect  .   g - +0 helmet
rElec    .         Harm     .   (no cloak)
rCorr    .         Rampage  .   (no gloves)
Will     .....                  (boots unavailable)
Stlth    ++........             d - amulet of regeneration
HPRegen  1.10/turn              (no ring)
MPRegen  0.00/turn              (no ring)

@: flying
A: sickness immunity, fire resistance 2, cold vulnerability 1, float, innate
caster, hp casting, extra vitality 1
a: no special abilities


You were on level 1 of the Dungeon.
You visited 1 branch of the dungeon, and saw 2 of its levels.

You collected 68 gold pieces.

Inventory:

Hand Weapons
 i - a +1 dagger of venom (weapon)
Armour
 b - a +0 robe (worn)
 c - a +0 hat
 g - a +0 helmet (worn)
Jewellery
 d - an amulet of regeneration (around neck)
Scrolls
 h - a scroll of teleportation {unknown}
Potions
 a - a potion of degeneration {unknown}
 e - a potion of haste
 f - a potion of brilliance {unknown}


   Skills:
 + Level 3.2 Dodging
 - Level 1.5 Stealth
 * Level 3.4 Spellcasting


You couldn't memorise any spells.
You knew the following spells:

 Your Spells              Type           Power      Damage    Failure   Level
a - Magic Dart            Conj           56%        1d5       4%          1
b - Blink                 Tloc           N/A        N/A       6%          2
c - Call Imp              Summ           14%        N/A       6%          2
d - Slow                  Hex            14%        N/A       6%          2
e - Conjure Flame         Conj/Fire      14%        6-21      12%         3
f - Mephitic Cloud        Conj/Pois/Air  14%        N/A       12%         3
g - Shock                 Conj/Air       56%        1d6       4%          1
Your spell library was empty.

Dungeon Overview and Level Annotations

Branches:
Dungeon (2/15)

Altars:

Annotations:
D:1 Natasha


Innate Abilities, Weirdness & Mutations

You are immune to sickness and miasma.
You are immune to poison.
Your flesh is very heat resistant. (rF++)
You are vulnerable to cold. (rC-)
You float through the air rather than walking.
You learn spells naturally, not from books.
Your magical power is your life essence.
You have superior vitality. (+4 HP)


Message History

Press: ? - help, Shift-Dir - straight line, f - rat, p - Natasha
Aim: a rat (100% to hit)
The magic dart hits the rat.
The rat is heavily wounded.
Natasha casts a spell at you. The magic dart hits you!
The rat closely misses you.
Casting: Magic Dart (safe; 4% risk of failure)
Confirm with . or Enter, or press ? or * to list all spells.
Aiming: Magic Dart (safe; 4% risk of failure)
Press: ? - help, Shift-Dir - straight line, f/p - rat
Aim: a rat (heavily wounded, 100% to hit)
The magic dart hits the rat.
You kill the rat!
There is a stone staircase leading up here.
You see here a rat corpse.
The shadow imp disappears in a puff of smoke!
Natasha stares at you and mumbles some strange words.
The magic dart hits you.
You fly upwards.
There is a stone staircase leading down here.
Casting: Magic Dart (safe; 4% risk of failure)
Confirm with . or Enter, or press ? or * to list all spells.
Aiming: Shock (safe; 4% risk of failure)
Press: ? - help, Shift-Dir - straight line The zap misses Natasha.
Natasha mumbles some strange words.
You feel disoriented. Natasha claws you.
* * * LOW HITPOINT WARNING * * *
Casting: Shock (safe; 4% risk of failure)
Confirm with . or Enter, or press ? or * to list all spells.
You blink.
* * * LOW HITPOINT WARNING * * *
Casting: Blink (safe; 6% risk of failure)
Confirm with . or Enter, or press ? or * to list all spells.
You blink.
* * * LOW HITPOINT WARNING * * *
Natasha stares at you and mumbles some strange words.
The magic dart hits you!
You die...

###### #.####..........## #.#
##............ #.###........##..#
#h....÷...........
################.###.####.....#.#
#...............§................
#.#####..##....#.###.####....#.#.
#.##...........#.#...# #...8...8
#.##.###.#.###.#@#.### ####.#.#.
#.#..# #.#.# #.....########...8..
#.#..###.#.###.#...........#.#.#.
#.#......#.....############.8...8
#.#..#########.# ###########.#.#.
#.#......#.....###............8..
#.#..###.#.###.............#.#.#.
#....# #.#.# #.###........#.8...8
#.##.###.#.###.............#.#.#.


You could see Natasha.

Vanquished Creatures
  An adder (D:2)
  2 worms (D:2)
  A dart slug (D:2)
  5 endoplasms (D:1)
  4 giant cockroaches
  3 goblins
  5 hobgoblins
  2 jackals (D:1)
  9 kobolds
  2 quokkas (D:2)
  5 ball pythons
  5 bats (D:1)
  4 frilled lizards
  5 rats
53 creatures vanquished.

Vanquished Creatures (collateral kills)
  2 hobgoblins (D:2)
2 creatures vanquished.

Grand Total: 55 creatures vanquished

Notes
Turn   | Place    | Note
-------+----------+-------------------------------------------
     0 | D:1      | HaiZhung the Djinni Hedge Wizard began the quest for the
                  | Orb.
     0 | D:1      | Reached XP level 1. HP: 15/15 MP: 0/0
    61 | D:1      | Reached XP level 2. HP: 2/21 MP: 0/0
   936 | D:1      | Reached XP level 3. HP: 21/25 MP: 0/0
   936 | D:1      | Learned a level 1 spell: Shock
  2413 | D:2      | Reached XP level 4. HP: 29/31 MP: 0/0
  2754 | D:2      | Noticed Natasha
  2781 | D:1      | Killed from afar by Natasha

Illustrated notes

Levels and vault maps discovered:
D:1:      dpeg_arrival_ternary, layout_basic, kennysheep_crisscross,
          minmay_misc_feat_cross, minivault_4, minmay_misc_feat_secret_circle
D:2:      layout_rooms, basic_altar, cheibrodos_gnoll_hut, uniq_natasha

Skill      XL: |  1  2  3 |
---------------+----------+-----
Spellcasting   | 3 |  3.4
Dodging        | 3 |  3.2
Stealth        | |  1.5

Action                   |  1- 3 |  4- 6 || total
-------------------------+-------+-------++-------
Melee: Dagger            |       |     3 ||     3
 Cast: Magic Dart        |    63 |    11 ||    74
       Shock             |    33 |    17 ||    50
       Call Imp          |     3 |     3 ||     6
       Blink             |       |     2 ||     2
  Use: Scroll            |     2 |       ||     2
Armor: Robe              |     3 |       ||     3
Dodge: Dodged            |    13 |     5 ||    18
